 Dungeon Crawl Stone Soup version 0.28-a0-991-g956f0ee3d5 (webtiles) character file.

Game seed: 4908822804506476884

109 bearlyready the Cudgeller (level 4, -2/38 HPs)
             Began as a Draconian Berserker on Dec 5, 2021.
             Was a Follower of Trog.
             Slain by a scorpion (6 damage)
             ... on level 3 of the Dungeon.
             The game lasted 00:02:41 (2637 turns).

bearlyready the Cudgeller (Draconian Berserker)     Turns: 2637, Time: 00:02:42

Health: -2/38      AC:  5    Str: 19    XL:     4   Next: 59%
Magic:  4/4        EV: 12    Int:  7    God:    Trog [*.....]
Gold:   144        SH:  0    Dex: 11    Spells: 3/3 levels left

rFire   . . .      SeeInvis .   l - +0 whip (elec)
rCold   . . .      Faith    .   (no shield)
rNeg    . . .      Spirit   .   (armour unavailable)
rPois   +          Reflect  .   (helmet restricted)
rElec   .          Harm     .   (no cloak)
rCorr   .          Rampage  .   (no gloves)
Will    .....                   (no boots)
Stlth   +.........              (no amulet)
HPRegen 0.12/turn               (no ring)
MPRegen 0.09/turn               (no ring)

@: mighty, lethally poisoned (-2 -> -13)
A: AC +5, unfitting armour, cold-blooded, clumsy 1, mutation resistance 1,
poison resistance
a: Renounce Religion, Berserk


You were on level 3 of the Dungeon.
You worshipped Trog.
Trog was aware of your devotion.
You visited 1 branch of the dungeon, and saw 3 of its levels.

You collected 144 gold pieces.

Inventory:

Hand Weapons
 a - a +0 mace
 i - a +0 flail
 l - a +0 whip of electrocution (weapon)
Missiles
 b - 76 stones (quivered)
 f - 5 atropa-tipped darts
 j - 22 bolts
Scrolls
 c - 2 scrolls of identify {unknown}
 d - a scroll of fog {unknown}
 m - a scroll of enchant armour {unknown}


   Skills:
 + Level 3.3 Fighting
 + Level 5.4 Maces & Flails
 + Level 0.0 Throwing
 - Level 2.6 Dodging


You had 3 spell levels left.
You didn't know any spells.
Your spell library was empty.

Dungeon Overview and Level Annotations

Branches:
Dungeon (3/15)

Altars:
Uskayaw


Innate Abilities, Weirdness & Mutations

Your plain brown scales are hard. (AC +5)
You cannot fit into any form of body armour.
You are cold-blooded and may be slowed by cold attacks.
You are clumsy. (Dex -2)
You are somewhat resistant to further mutation.
Your system is resistant to poisons. (rPois)


Message History

You closely miss the scorpion.
The scorpion is heavily wounded.
You feel sick. The scorpion closely misses you.
You bump into the rock wall.
You feel sick. The scorpion barely misses you.
You barely miss the scorpion.
The scorpion is heavily wounded.
You feel less invigorated.
You feel less confused.
You feel sick.
The scorpion stings you but does no damage.
You closely miss the scorpion.
The scorpion is heavily wounded.
You feel sick. The scorpion stings you.
You barely miss the scorpion.
Your tail-slap misses the scorpion.
The scorpion is heavily wounded.
You feel sick. The scorpion closely misses you.
You hit the scorpion but do no damage.
The scorpion is heavily wounded.
You feel sick.
The scorpion stings you but does no damage.
You closely miss the scorpion. You tail-slap the scorpion.
The scorpion is heavily wounded.
You feel sick. The scorpion stings you!
* * * LOW HITPOINT WARNING * * *
It was a potion of mutation.
You feel extremely strange.
You feel resistant to poisons.
You feel clumsy.
You feel genetically stable.
You feel sick. The scorpion stings you.
* * * LOW HITPOINT WARNING * * *
You are lethally poisoned!
The scorpion poisons you!
It was a potion of curing.
You feel better. The scorpion stings you.
* * * LOW HITPOINT WARNING * * *
You are lethally poisoned!
The scorpion poisons you!
It was a potion of might.
You feel very mighty all of a sudden.
* * * LOW HITPOINT WARNING * * *
You feel very sick. The scorpion stings you.
You die...

#........†..###.###......##
###.....#....#...#..##....#
#####.####............#.#
#... ....#...###..#.#
##########...#....# #
#.#.#.<..# #.#...#..#
#.#......# #@#..##.##
#s#..##.# #(#..##.#
#.#..##.# #.#. .. #.# #.#
#.#


You could see a scorpion.

Vanquished Creatures
  Terence (D:2)
  2 adders
  3 gnolls
  A worm (D:2)
  A dart slug (D:2)
  4 ball pythons
  6 bats
  3 endoplasms
  3 giant cockroaches (D:2)
  2 goblins (D:2)
  A hobgoblin (D:3)
  3 jackals (D:3)
  A frilled lizard (D:2)
  2 kobolds
  2 rats
35 creatures vanquished.

Notes
Turn   | Place    | Note
-------+----------+-------------------------------------------
     0 | D:1      | bearlyready the Draconian Berserker began the quest for the
                  | Orb.
     0 | D:1      | Reached XP level 1. HP: 19/19 MP: 1/1
    51 | D:1      | Found a faded altar of an unknown god.
   471 | D:1      | Reached XP level 2. HP: 7/26 MP: 2/2
  1138 | D:2      | Noticed Terence
  1154 | D:2      | Killed Terence
  1155 | D:2      | Reached skill level 4 in Maces & Flails
  1155 | D:2      | Reached XP level 3. HP: 4/31 MP: 3/3
  1732 | D:2      | Found a hide-covered altar of Uskayaw.
  1862 | D:3      | Reached XP level 4. HP: 29/38 MP: 4/4
  2036 | D:3      | Reached skill level 5 in Maces & Flails
  2609 | D:3      | Noticed a scorpion
  2635 | D:3      | Gained mutation: Your system is resistant to poisons.
                  | (rPois) [potion of mutation]
  2635 | D:3      | Gained mutation: You are clumsy. (Dex -2) [potion of
                  | mutation]
  2635 | D:3      | Gained mutation: You are somewhat resistant to further
                  | mutation. [potion of mutation]
  2637 | D:3      | Slain by a scorpion

Illustrated notes

Levels and vault maps discovered:
D:1:      amcnicky_arrival_gap_in_the_tavern_cellar, layout_rooms,
          basic_ecumenical_altar, due_unseen_surprise
D:2:      layout_loops_ring, basic_altar, uniq_terence
D:3:      layout_basic, minmay_between

Skill      XL: |  1  2  3  4 |
---------------+-------------+-----
Maces & Flails | 4 5 |  5.4
Fighting       | |  3.3
Dodging        | |  2.6

Action                   |  1- 3 |  4- 6 || total
-------------------------+-------+-------++-------
Melee: Mace              |    80 |    17 ||    97
       Tailslap          |    11 |     6 ||    17
       Whip              |       |    27 ||    27
       Flail             |       |     9 ||     9
Throw: Stone             |       |     3 ||     3
Invok: Berserk           |     1 |       ||     1
  Use: Potion            |       |     4 ||     4
Armor: Skin              |    23 |    12 ||    35
Dodge: Dodged            |    50 |    34 ||    84

Table legend: (Time is in decaauts)
 A = Elapsed time spent in this place.
 B = Non-inter-level travel time spent in this place.
 C = Inter-level travel time spent in this place.
 D = Time resting spent in this place.
 E = Time spent auto-exploring this place.
 F = Levels seen in this place.
 G = Mean time per level.
                   A        B        C        D        E       F      G
               +--------+--------+--------+--------+--------+-----+--------+
         Total |   2660 |   2593 |     67 |    535 |   1726 |   3 |  886.7 |
       Dungeon |   2660 |   2593 |     67 |    535 |   1726 |   3 |  886.7 |
               +--------+--------+--------+--------+--------+-----+--------+

Top non-repeatable levels by time:
     D:2: 1459 daAuts
     D:1: 697 daAuts
     D:3: 503 daAuts
